cohdb
Replays
Latest Replays
All Replays
Popular Replays
Top Player Replays
Match Explorer
How It Works
Community
CoH3 Stats
Reddit
Sign in to upload your games and track your stats! →
Sign in with Steam
Match 41787907
Unlisted
Match 41787907
Overview
Messages
Build Orders
End
Panzergrenadier Squad
Panzergrenadier Squad
Construct Light Support Kompanie
MG34 Team
Assault Grenadier Squad
Fire Support Elements
Assault Mechanized Group
Selects Italian Infantry
Selects Guastatori Squad
Selects L6/40 Light Tank Combat Group
Pak 38 Anti-tank Gun Team
Pak 38 Anti-tank Gun Team
Saueee
CHawkins
Thrasher
IRAN™
0
0
Comments
sign in to comment!
No comments posted yet!